 Dungeon Crawl Stone Soup version bcrawl-1.28.1b (webtiles) character file.

Game seed: 7037663662050475923

477255 Morbidden the Sorcerer (level 17, 0/172 HPs)
             Began as a Djinni Air Elementalist on Dec 31, 2020.
             Was the Champion of Vehumet.
             Slain by a shock serpent (3 damage)
             ... on level 3 of the Snake Pit on Jan 1, 2021.
             The game lasted 01:09:55 (31696 turns).

Morbidden the Sorcerer (Djinni Air Elementalist)   Turns: 31696, Time: 01:09:56

Health: 0/172      AC: 18    Str: 12    XL:     17   Next: 0%
Magic:  0/51       EV: 18    Int: 24    God:    Vehumet [******]
Gold:   1952       SH:  0    Dex: 17    Spells: 18/59 levels left

rFire    . . .     SeeInvis .     - Ice fists (freeze) (23.6)
rCold    + + +     Gourm    .   (shield currently unavailable)
rNeg     . . .     Faith    .   (armour currently unavailable)
rPois    +         Spirit   +   (helmet currently unavailable)
rElec    +         Reflect  .   I - +0 cloak {rF+}
rCorr    .         Harm     .   (gloves currently unavailable)
MR       +++..     Rnd*Rage +   (boots unavailable)
Stlth    ++........             Z - amulet of Ifuluol {Spirit rElec} (curse)
HPRegen  0.38/turn              j - +6 ring of dexterity
MPRegen  0.32/turn              z - +5 ring of evasion

@: about to teleport, ice-form, flying, constricted
A: large, never pass out, berserk 2, blink, blurry vision 2, high mp 2, wild
magic 3, disrupted magic 1, MP-powered wands
a: End Transformation, Blink, Renounce Religion


You were on level 3 of the Snake Pit.
You worshipped Vehumet.
Vehumet was exalted by your worship.
You were hungry.
You were a creature of crystalline ice.
You visited 6 branches of the dungeon, and saw 24 of its levels.
You also visited: Gauntlet and Volcano.

You collected 2629 gold pieces.
You spent 677 gold pieces at shops.

Inventory:

Hand Weapons
 K - the +5 hunting sling of Dishonesty {venom, +Blink rN++ MP+9 Str-5}
   (You found it on level 1 of the Lair of Beasts)

   It poisons the ammo it fires.
   It affects your strength (-5).
   It greatly protects you from negative energy.
   It affects your magic capacity (+9).
   It lets you blink.
 W - a +3 demon blade of electrocution (melded)
Missiles
 q - 633 javelins (quivered)
Armour
 r - a +2 robe of the Archmagi (melded)
 B - a scarf of resistance
 I - a +0 cloak of fire resistance (worn)
 V - a +2 pair of gloves of strength (melded)
 X - +0 steam dragon scales
Magical Staves
 b - an uncursed staff of wizardry
Jewellery
 j - a +6 ring of dexterity (left front paw)
 p - the ring "Vigella" {rPois rC+}
   (You found it in a Gauntlet)

   [ring of protection from cold]

   It protects you from cold.
   It protects you from poison.
 y - an uncursed ring of insulation
 z - a +5 ring of evasion (right front paw)
 A - the ring "Poisog" {rC+ MR+ Int+4 Dex+2}
   (You took it off a minotaur in a Gauntlet)

   [ring of protection from magic]

   It affects your intelligence (+4).
   It affects your dexterity (+2).
   It protects you from cold.
   It affects your resistance to hostile enchantments.
 D - a +3 ring of protection
 G - the amulet of the Four Winds {rN+ MR+++ Clar}
   (You bought it in a shop on level 10 of the Dungeon)

   [amulet of nothing]

   It protects you from negative energy.
   It affects your resistance to hostile enchantments.
   It protects you against confusion.
 O - an uncursed amulet of regeneration
 Z - the cursed amulet of Ifuluol (around neck) {Spirit rElec}
   (You found it in a Gauntlet)

   [amulet of guardian spirit]

   It causes incoming damage to be split between your health and magic.
   It insulates you from electricity.
   It has a curse placed upon it.
Wands
 k - a wand of disintegration (6)
 n - a wand of paralysis (13)
 x - a wand of clouds (7)
 L - a wand of digging (2)
 M - a wand of acid (3)
 Q - a wand of iceblast (19)
 Y - a wand of flame (36)
Scrolls
 f - 11 scrolls of remove curse
 h - a scroll of magic mapping
 l - 2 scrolls of blinking
 s - 4 scrolls of fog
 u - 13 scrolls of teleportation
 C - 2 scrolls of enchant weapon
 F - a scroll of torment
 H - 2 scrolls of enchant armour
 J - a scroll of fear
 N - a scroll of vulnerability
 P - 4 scrolls of amnesia
Potions
 a - a potion of invisibility
 c - 9 potions of flight
 g - 4 potions of lignification
 i - 5 potions of resistance
 m - 4 potions of curing
 o - 2 potions of agility
 t - 3 potions of haste
 v - 2 potions of mutation
 w - 5 potions of heal wounds
 E - a potion of brilliance
 S - a potion of magic
 U - 3 potions of might
Miscellaneous
 T - a lightning rod (4/4)
Comestibles
 e - 45 rations {!d}


   Skills:
 * Level 11.2 Fighting
   Level 0.4(0.7) Short Blades
 + Level 0.9(1.0) Long Blades
 + Level 2.6 Throwing
 * Level 9.7 Dodging
 + Level 2.9 Stealth
 * Level 6.5 Unarmed Combat
 + Level 21.5 Spellcasting
 * Level 7.4 Conjurations
 * Level 3.9 Summonings
 * Level 10.4 Transmutations
 - Level 7.0 Ice Magic
 + Level 16.9 Air Magic
 + Level 0.4 Evocations


You had 18 spell levels left.
You knew the following spells:

 Your Spells              Type           Power        Failure   Level  Hunger
a - Airstrike             Air            ########..   1%          4    None
b - Static Discharge      Air            ########     1%          3    None
c - Shock                 Conj/Air       #####        1%          1    None
d - Blade Hands           Tmut           #######...   9%          5    None
e - Conjure Ball Lightni  Conj/Air       ########..   3%          6    None
f - Chain Lightning       Conj/Air       ########..   41%         8    ###....
s - Ozocubu's Refrigerat  Ice            #######...   13%         6    None
x - Summon Ice Beast      Ice/Summ       #######.     13%         4    None
z - Ice Form              Ice/Tmut       #######.     7%          4    None

Your spell library contained the following spells:

 Spells                   Type           Power        Failure   Level  Hunger
 Bolt of Fire             Conj/Fire      ######....   34%         6    None
 Magic Dart               Conj           ####         1%          1    None
 Mephitic Cloud           Conj/Pois/Air  #######.     1%          3    None
 Lightning Bolt           Conj/Air       ########..   1%          5    None
 Beastly Appendage        Tmut           ######       2%          1    None
 Sticks to Snakes         Tmut           #######.     2%          2    None
 Sandblast                Erth           #####.       3%          1    None
 Conjure Flame            Conj/Fire      ######..     3%          3    None
 Swiftness                Chrm/Air       #######.     4%          2    None
 Yara's Violent Unravell  Hex/Tmut       #######...   4%          4    None
 Summon Butterflies       Summ           ######..     6%          1    None
 Summon Small Mammal      Summ           ####         6%          1    None
 Passwall                 Tmut/Erth      #######.     6%          2    None
 Inner Flame              Hex/Fire       N/A          7%          3    None
 Call Imp                 Summ           ######       8%          2    None
 Ensorcelled Hibernation  Hex/Ice        ######       8%          2    None
 Spider Form              Tmut/Pois      ###          8%          3    None
 Summon Lightning Spire   Summ/Air       #######.     9%          5    None
 Call Canine Familiar     Summ           ######..     11%         3    None
 Dazzling Orbs            Conj/Hex       ######.      11%         3    None
 Bolt of Draining         Conj/Necr      ######....   11%         5    None
 Animate Skeleton         Necr           N/A          13%         1    None
 Apportation              Tloc           #####.       13%         1    None
 Corona                   Hex            #####..      13%         1    None
 Infusion                 Chrm           #####...     13%         1    None
 Pain                     Necr           #####.       13%         1    None
 Slow                     Hex            #####...     13%         1    None
 False Image              Hex/Summ       ######..     16%         3    None
 Blink                    Tloc           N/A          17%         2    None
 Shackle                  Hex            #####...     17%         2    None
 Confuse                  Hex            #####...     24%         3    None
 Regeneration             Chrm/Necr      #####.....   24%         3    None
 Tukima's Dance           Hex            #####...     24%         3    None
 Vampiric Draining        Necr           #####.....   24%         3    None
 Animate Dead             Necr           N/A          47%         4    None
 Cause Fear               Hex            #####.....   47%         4    None
 Shadow Creatures         Summ           N/A          78%         6    None
 Simulacrum               Ice/Necr       ######....   83%         6    None
 Steam Barrier            Chrm/Fire      #####.....   99%         6    None
 Ignition                 Fire           #####.....   100%        8    ###....


Dungeon Overview and Level Annotations

Branches:
Dungeon (12/12)            Temple (1/1) D:5            Lair (6/6) D:8
 Shoals (0/3) Lair:3        Snake (3/3) Lair:2        Slime (1/5) Lair:5
    Orc (1/1) D:10            Elf (0/3) Orc          Vaults (0/3) D:12
 Depths (0/5) D:12

Altars:
Ashenzari
Cheibriados
Dithmenos
Elyvilon
Fedhas
Gozag
Hepliaklqana
Kikubaaqudgha
Lugonu
Makhleb
Nemelex Xobeh
Okawaru
Qazlal
Ru
Sif Muna
Trog
Uskayaw
Vehumet
Wu Jian
Xom
Yredelemnul
Zin
The Shining One
Beogh
Jiyva

Shops:
D:4 *   D:10 =   Orc [=*(

Portals:
Hell: Lair:6

Annotations:
D:12 exclusion: ice statue


Innate Abilities, Weirdness & Mutations

You never pass out after going berserk.
You often lose your temper in combat.
You can translocate small distances at will.
Scrolls take you longer to read.
((Your flesh is heat resistant. (rF+)))
You have a considerably increased reservoir of magic. (+20% MP)
Your spells are much harder to cast, but much more powerful.
Your casting is slightly disrupted.
You expend magic power (3 MP) to strengthen your wands.
((Your body floats in the air.))


Message History

The naga warrior hits you but does no damage.
* * * LOW HITPOINT WARNING * * *
The naga warrior constricts you.
As you read the scroll of teleportation, it crumbles to dust.
You feel strangely unstable.
No path to travel!
No path to travel!
No path to travel!
No path to travel!
No path to travel!
No path to travel!
Unknown command.
Okay, then.
You feel much better. The anaconda completely misses you.
The anaconda bites you!
* * * LOW HITPOINT WARNING * * *
The guardian serpent misses you. The shock serpent bites you!
* * * LOW HITPOINT WARNING * * *
The shock serpent shocks you. You resist.
You die...

#....# #.### ####).....#
#....##
##.).####...#....##
#.....###)##......##.....#
##...##..####...##.)....##
#####.#######).)....####
##..####..##.....###
###.### #....##..###
####.).#####.NSS.####
###...##.[.##..SYSS.#
...#####....#..N#NN.#
###### #....#.)##S..# ##.#
##..)#..# #.N.. ##..##
#...#..###..NSSāŒ ##....#
##))#).#.#..SN.. #.....##
#..#..#.##.#..N
.......###..#..#..####N.
........##..)(.#.....#


You could see a naga warrior, a nagaraja, a naga sharpshooter, 5 anacondas, a
naga ritualist, a shock serpent, a mana viper, 2 guardian serpents, a naga mage
and 4 nagas.

Vanquished Creatures
  Saint Roka (Orc)
  Agnes (Snake:3)
  2 nagarajas
  A frost giant (D:12)
  An orc warlord (Orc)
  A very ugly thing (D:12)
  A dire elephant (Lair:6)
  An entropy weaver (Gauntlet)
  A minotaur (Gauntlet)
  An ettin (shapeshifter) (D:12)
  A fire dragon (D:12)
  Urug (D:12)
  An ice dragon (Lair:6)
  2 rakshasas
  7 naga warriors
  Fannar (D:10)
  5 hydras
  A catoblepas (Lair:6)
  An ogre mage (D:9)
  Erica (D:10)
  3 centaur warriors (D:12)
  6 anacondas
  A queen ant (Lair:3)
  5 sea snakes (Snake:3)
  7 two-headed ogres
  10 death yaks
  2 orc high priests (Orc)
  8 shock serpents
  Nergalle (Lair:1)
  13 naga sharpshooters
  An iron troll (D:12)
  4 naga ritualists
  A sixfirhy (Lair:6)
  A cyclops (D:12)
  A wizard (Lair:6)
  3 ugly things
  5 salamanders
  7 mana vipers
  3 orc sorcerers (Orc)
  3 orc knights (Orc)
  2 oklob plants (Lair:1)
  A manticore (Lair:4)
  An ice statue (D:9)
  12 guardian serpents
  Joseph (Lair:1)
  2 merfolk sirens (Lair:3)
  8 naga magi
  20 black mambas
  An eye of devastation (Gauntlet)
  14 cane toads
  2 orange demons (Lair:6)
  A kobold demonologist (D:8)
  9 rime drakes
  A yaktaur (D:12)
  2 minotaur zombies (Gauntlet)
  An efreet (D:10)
  8 komodo dragons
  A hellwing (Lair:6)
  A red devil (Lair:6)
  3 ice devils (Lair:6)
  11 trolls
  2 merfolk (Lair:3)
  A jumping spider (Gauntlet)
  2 polar bears
  A queen bee (D:12)
  Prince Ribbit (D:5)
  20 blink frogs
  14 hippogriffs
  20 dream sheep
  10 flying skulls (Gauntlet)
  A redback (Gauntlet)
  A shadow (D:12)
  Sigmund (D:2)
  41 yaks
  A tarantella (shapeshifter) (D:12)
  6 wraiths
  4 wyverns
  3 fire elementals (Volcano)
  2 hungry ghosts
  A basilisk (D:12)
  Grum (D:8)
  2 steam dragons
  3 wargs (Orc)
  39 nagas
  10 water moccasins
  23 soldier ants
  9 crocodiles
  3 hell hounds (Lair:6)
  2 floating eyes (Gauntlet)
  14 porcupines
  2 ice beasts
  2 phantoms
  8 ogres
  25 orc warriors
  5 sky beasts
  2 necrophages
  A black bear (D:11)
  16 wolves
  2 centaurs
  An eye of draining (D:9)
  Blork the orc (Orc)
  13 big kobolds
  12 bullfrogs
  An elf zombie (D:10)
  An elf skeleton (D:10)
  4 scorpions
  15 killer bees
  3 wights (D:8)
  4 electric eels
  6 howler monkeys
  13 crimson imps
  A centaur zombie (D:5)
  3 human zombies (D:10)
  2 bullfrog skeletons
  A jelly (D:7)
  5 centaur skeletons
  A gnoll shaman (Orc)
  16 orc priests
  5 hounds
  20 orc wizards
  Jessica (D:2)
  Terence (D:2)
  A human skeleton (D:10)
  3 iguanas
  34 worker ants
  6 hell rats (Lair:5)
  A hound skeleton (D:7)
  A mummy (D:10)
  A worker ant zombie (D:5)
  A howler monkey zombie (D:8)
  7 gnolls
  A howler monkey skeleton (D:7)
  15 adders
  A shadow imp (D:6)
  3 white imps (Lair:6)
  7 adder skeletons
  5 worms
  3 dart slugs
  2 leopard geckos
  58 orcs
  3 giant cockroaches
  10 hobgoblins
  15 jackals
  21 kobolds
  6 quokkas
  2 ball pythons
  7 bats
  6 frilled lizards
  6 goblins
  An orc skeleton (D:10)
  An orc zombie (D:10)
  3 rats
  2 fungi (Lair:6)
  28 plants
911 creatures vanquished.

Vanquished Creatures (collateral kills)
  An anaconda (Snake:3)
  2 ball lightnings
  A naga (Snake:3)
  An ogre (Orc)
  An orc (Orc)
6 creatures vanquished.

Vanquished Creatures (others)
  238 ball lightnings
  15 fungi
  53 plants
306 creatures vanquished.

Grand Total: 1223 creatures vanquished

Notes
Turn   | Place    | Note
-------+----------+-------------------------------------------
     0 | D:1      | Morbidden the Djinni Air Elementalist began the quest for
                  | the Orb.
     0 | D:1      | Reached XP level 1. HP: 14/14 MP: 4/4
   225 | D:1      | Reached XP level 2. HP: 20/20 MP: 0/6
   887 | D:2      | Reached XP level 3. HP: 27/27 MP: 4/8
   906 | D:2      | Found a sparkling altar of Nemelex Xobeh.
  1083 | D:2      | Learned a level 3 spell: Static Discharge
  1230 | D:2      | Noticed Jessica
  1232 | D:2      | Noticed Terence
  1233 | D:2      | Killed Jessica
  1234 | D:2      | Reached skill level 4 in Spellcasting
  1234 | D:2      | Gained mutation: Your spells are harder to cast, but more
                  | powerful. [Djinni growth]
  1234 | D:2      | Gained mutation: You can translocate small distances at
                  | will. [Djinni growth]
  1234 | D:2      | Reached XP level 4. HP: 34/34 MP: 3/10
  1595 | D:2      | Noticed Sigmund
  1654 | D:2      | Reached skill level 1 in Fighting
  1654 | D:2      | Reached skill level 5 in Air Magic
  1855 | D:2      | Killed Terence
  2027 | D:3      | Reached XP level 5. HP: 40/40 MP: 9/12
  2032 | D:3      | Learned a level 4 spell: Airstrike
  2158 | D:3      | Reached skill level 5 in Spellcasting
  2935 | D:4      | Reached XP level 6. HP: 44/47 MP: 7/14
  3102 | D:4      | Found a sacrificial altar of Ru.
  3102 | D:4      | Found an ornate altar of the Wu Jian Council.
  3102 | D:4      | Noticed a hippogriff
  3187 | D:4      | Noticed an ice beast
  3200 | D:4      | Killed an ice beast
  3201 | D:4      | Reached skill level 6 in Spellcasting
  3215 | D:4      | Reached XP level 7. HP: 49/55 MP: 3/17
  3291 | D:4      | Reached skill level 7 in Spellcasting
  3831 | D:4      | Found Eclez's General Store.
  3854 | D:4      | Killed a hippogriff
  3855 | D:4      | Reached skill level 8 in Spellcasting
  3855 | D:4      | Gained mutation: Your spells are much harder to cast, but
                  | much more powerful. [Djinni growth]
  3855 | D:4      | Reached XP level 8. HP: 62/62 MP: 6/20
  3919 | D:2      | Killed Sigmund
  4129 | D:5      | Entered Level 5 of the Dungeon
  4129 | D:5      | Noticed Prince Ribbit
  4132 | D:5      | Killed Prince Ribbit
  4274 | D:5      | Reached skill level 9 in Spellcasting
  4297 | D:5      | Found a staircase to the Ecumenical Temple.
  4343 | Temple   | Entered the Ecumenical Temple
  4405 | Temple   | Became a worshipper of Vehumet
  4442 | D:5      | Learned a level 5 spell: Blade Hands
  4916 | D:5      | Reached skill level 1 in Transmutations
  4979 | D:5      | Reached XP level 9. HP: 66/71 MP: 2/22
  4986 | D:5      | Learned a level 4 spell: Ice Form
  5712 | D:6      | Reached * piety under Vehumet
  5712 | D:6      | Offered knowledge of Flame Tongue by Vehumet.
  5713 | D:6      | Reached skill level 10 in Spellcasting
  5942 | D:6      | Reached skill level 10 in Air Magic
  6234 | D:6      | Reached skill level 11 in Spellcasting
  6593 | D:7      | Reached skill level 5 in Fighting
  6638 | D:7      | Noticed a two-headed ogre
  6641 | D:7      | Killed a two-headed ogre
  6642 | D:7      | Reached skill level 1 in Ice Magic
  6642 | D:7      | Reached XP level 10. HP: 81/81 MP: 4/25
  6890 | D:7      | Found a shadowy altar of Dithmenos.
  6943 | D:7      | Offered knowledge of Throw Frost by Vehumet.
  6945 | D:7      | Reached ** piety under Vehumet
  7395 | D:7      | Reached skill level 12 in Spellcasting
  7551 | D:8      | Noticed a two-headed ogre
  7557 | D:8      | Killed a two-headed ogre
  7879 | D:8      | Found a staircase to the Lair.
  7974 | D:8      | Noticed Grum
  7980 | D:8      | Killed Grum
  8120 | D:8      | Offered knowledge of Mephitic Cloud by Vehumet.
  8279 | D:8      | Reached skill level 13 in Spellcasting
  8741 | D:8      | Reached *** piety under Vehumet
  8759 | D:8      | Reached XP level 11. HP: 89/89 MP: 28/28
  8791 | D:8      | Offered knowledge of Throw Icicle by Vehumet.
  8849 | D:8      | Reached skill level 1 in Unarmed Combat
  9265 | D:9      | Noticed a two-headed ogre
  9265 | D:9      | Noticed an ogre mage
  9267 | D:9      | Noticed a two-headed ogre
  9267 | D:9      | Noticed a two-headed ogre
  9276 | D:9      | Killed a two-headed ogre
  9277 | D:9      | Reached skill level 5 in Transmutations
  9353 | D:8      | Killed a two-headed ogre
  9804 | D:9      | Killed a two-headed ogre
  9805 | D:9      | Reached skill level 14 in Spellcasting
  9809 | D:9      | Killed an ogre mage
  9810 | D:9      | Reached skill level 5 in Dodging
 10016 | D:9      | Reached **** piety under Vehumet
 10183 | D:9      | Offered knowledge of Iskenderun's Battlesphere by Vehumet.
 10566 | D:10     | Entered Level 10 of the Dungeon
 10833 | D:10     | Noticed Erica
 10923 | D:10     | Killed Erica
 11189 | D:10     | Found Juntyd's Jewellery Shoppe.
 11234 | D:10     | Bought the amulet of the Four Winds {rN+ MR+++ Clar} for
                  | 482 gold pieces
 11234 | D:10     | Found the amulet of the Four Winds {rN+ MR+++ Clar}
 11311 | D:10     | Noticed Fannar
 11316 | D:10     | Killed Fannar
 11317 | D:10     | Reached skill level 15 in Spellcasting
 11320 | D:10     | Gained mutation: Your casting is slightly disrupted.
                  | [Djinni growth]
 11320 | D:10     | Gained mutation: Your flesh is heat resistant. (rF+)
                  | [Djinni growth]
 11320 | D:10     | Gained mutation: You have an increased reservoir of magic.
                  | (+10% MP) [Djinni growth]
 11320 | D:10     | Gained mutation: You have a considerably increased
                  | reservoir of magic. (+20% MP) [Djinni growth]
 11320 | D:10     | Reached XP level 12. HP: 100/100 MP: 5/37
 11741 | D:10     | Found a staircase to the Orcish Mines.
 12013 | D:10     | Found an ancient bone altar of Kikubaaqudgha.
 12262 | Lair:1   | Entered Level 1 of the Lair of Beasts
 12395 | Lair:1   | Reached ***** piety under Vehumet
 12395 | Lair:1   | Offered knowledge of Yara's Violent Unravelling by Vehumet.
 12422 | Lair:1   | Got a buzzing hunting sling
 12670 | Lair:1   | Got a transparent hand axe
 12850 | Lair:1   | Noticed Joseph
 12855 | Lair:1   | Killed Joseph
 12897 | Lair:1   | Identified the +5 hunting sling of Dishonesty {venom,
                  | +Blink rN++ MP+9 Str-5} (You found it on level 1 of the
                  | Lair of Beasts)
 12914 | Lair:1   | Reached skill level 16 in Spellcasting
 13198 | Lair:1   | Noticed Nergalle
 13370 | Lair:1   | Killed Nergalle
 13543 | Lair:2   | Reached skill level 5 in Ice Magic
 13879 | Lair:2   | Found a staircase to the Snake Pit.
 13962 | Lair:2   | Noticed a death yak
 13964 | Lair:2   | Noticed a death yak
 13964 | Lair:2   | Noticed a death yak
 13965 | Lair:2   | Noticed a death yak
 13966 | Lair:2   | Noticed a death yak
 13966 | Lair:2   | Noticed a death yak
 13967 | Lair:2   | Killed a death yak
 13967 | Lair:2   | Noticed a death yak
 13968 | Lair:2   | Reached XP level 13. HP: 107/107 MP: 26/40
 14423 | Lair:2   | Reached skill level 17 in Spellcasting
 15866 | Lair:3   | Offered knowledge of Conjure Ball Lightning by Vehumet.
 16320 | Lair:3   | Found a staircase to the Shoals.
 16679 | Lair:4   | Learned a level 6 spell: Conjure Ball Lightning
 18303 | Lair:5   | Reached skill level 18 in Spellcasting
 18439 | Lair:5   | Found a staircase to the Slime Pits.
 18439 | Lair:5   | Found a viscous altar of Jiyva.
 19061 | Slime:1  | Entered Level 1 of the Pits of Slime
 19081 | Lair:6   | Entered Level 6 of the Lair of Beasts
 19088 | Lair:6   | Reached XP level 14. HP: 112/118 MP: 30/43
 19368 | Lair:6   | Offered knowledge of Mana Rupture by Vehumet.
 19508 | Lair:6   | Reached skill level 19 in Spellcasting
 19904 | Lair:6   | Found a large runed door.
 19905 | Lair:6   | Found a large runed door.
 20527 | Lair:6   | Reached skill level 15 in Air Magic
 20629 | Lair:6   | Found a burning altar of Makhleb.
 20638 | Lair:6   | Found a gateway to Hell.
 20813 | Lair:2   | Reached skill level 5 in Conjurations
 21910 | D:12     | Entered Level 12 of the Dungeon
 21934 | D:12     | Offered knowledge of Iron Shot by Vehumet.
 21962 | D:12     | Reached XP level 15. HP: 108/126 MP: 28/46
 21972 | D:12     | Reached skill level 10 in Fighting
 22069 | D:12     | Found a gate leading to a gauntlet.
 22078 | Gauntlet | Entered a Gauntlet
 22078 | Gauntlet | Found a transporter.
 22078 | Gauntlet | Found a transporter.
 22096 | Gauntlet | Found a transporter.
 22099 | Gauntlet | Found a transporter.
 22109 | Gauntlet | Found a transporter.
 22113 | Gauntlet | Found a transporter.
 22123 | Gauntlet | Found a transporter.
 22144 | Gauntlet | Found a transporter.
 22161 | Gauntlet | Found a transporter.
 22165 | Gauntlet | Found a transporter.
 22175 | Gauntlet | Found a transporter.
 22179 | Gauntlet | Found a transporter.
 22404 | Gauntlet | Identified the Collected Works on Supportive Weightlessness
 22416 | Gauntlet | Learned a level 8 spell: Chain Lightning
 22429 | Gauntlet | Reached skill level 20 in Spellcasting
 22440 | Gauntlet | Got a translucent jade ring
 22444 | Gauntlet | Identified the ring "Vigella" {rPois rC+} (You found it in
                  | a Gauntlet)
 22500 | Gauntlet | Got a coiled iron amulet
 22503 | Gauntlet | Identified the cursed amulet of Ifuluol {Spirit rElec} (You
                  | found it in a Gauntlet)
 22588 | Gauntlet | Identified the ring "Poisog" {rC+ MR+ Int+4 Dex+2}
 22992 | D:12     | Noticed a frost giant
 22998 | D:12     | Killed a frost giant
 23255 | D:12     | Found a staircase to the Depths.
 23296 | D:12     | Noticed Urug
 23309 | D:12     | Killed Urug
 23468 | D:12     | Reached skill level 5 in Unarmed Combat
 23842 | D:12     | Found a gate to the Vaults.
 23987 | Orc      | Entered the Orcish Mines
 24102 | Orc      | Found a dark tunnel.
 24131 | Volcano  | Entered a volcano
 24503 | Orc      | Reached ****** piety under Vehumet
 24505 | Orc      | Noticed Blork the orc
 24507 | Orc      | Killed Blork the orc
 24519 | Orc      | Noticed Saint Roka
 24805 | Orc      | Found a roughly hewn altar of Beogh.
 24805 | Orc      | Noticed an orc warlord
 24810 | Orc      | Killed an orc warlord
 24824 | Orc      | Found Axzix's Jewellery Emporium.
 24830 | Orc      | Killed Saint Roka
 24832 | Orc      | Found Unaosir's Antique Armour Emporium.
 25027 | Orc      | Found Keojeirgh's Antique Weapon Emporium.
 25075 | Orc      | Bought a pair of embroidered gloves for 195 gold pieces
 25144 | Orc      | Found a staircase to the Elven Halls.
 25328 | Orc      | Found Nettohab's General Store.
 25607 | Snake:1  | Entered Level 1 of the Snake Pit
 25875 | Snake:1  | Reached skill level 21 in Spellcasting
 25903 | Snake:1  | Learned a level 4 spell: Summon Ice Beast
 26293 | Snake:1  | Noticed a nagaraja
 26302 | Snake:1  | Killed a nagaraja
 26303 | Snake:1  | Reached skill level 1 in Throwing
 26303 | Snake:1  | Reached skill level 1 in Summonings
 26303 | Snake:1  | Reached XP level 16. HP: 85/136 MP: 8/49
 27872 | Snake:2  | Offered knowledge of Ozocubu's Refrigeration by Vehumet.
 27880 | Snake:2  | Learned a level 6 spell: Ozocubu's Refrigeration
 28044 | Snake:2  | Reached skill level 10 in Transmutations
 28641 | Snake:2  | Got a heavy robe
 28669 | Snake:2  | Identified the Collected Works on Sinister Fire
 28818 | Snake:3  | Entered Level 3 of the Snake Pit
 29567 | Snake:3  | Noticed Agnes
 29579 | Snake:3  | Killed Agnes
 31000 | Snake:3  | Offered knowledge of Bolt of Fire by Vehumet.
 31403 | Snake:3  | Identified the +2 robe of Ceduc {Int+8 Slay-3} (You found
                  | it on level 2 of the Snake Pit)
 31578 | Snake:3  | Reached XP level 17. HP: 128/144 MP: 5/51
 31695 | Snake:3  | HP: 7/172 [shock serpent (4)]
 31695 | Snake:3  | HP: 3/172 [naga warrior/cursed -2 mace (4)]
 31696 | Snake:3  | Slain by a shock serpent

Skill      XL: |  1  2  3  4  5  6  7  8  9 10 11 12 13 14 15 16 |
---------------+-------------------------------------------------+-----
Air Magic      | 4 5 6 7 9 10 11 12 13 14 15 16 | 16.9
Spellcasting   | 4 5 6 8 9 11 13 15 16 18 19 21 | 21.5
Fighting       | 1 2 4 5 6 7 9 10 11 | 11.2
Conjurations   | 2 3 5 6 7 |  7.4
Transmutations | 2 3 4 5 7 8 9 10 | 10.4
Dodging        | 3 4 5 6 7 8 9 |  9.7
Stealth        | 2 |  2.9
Ice Magic      | 1 2 4 5 6 7 |  7.0
Unarmed Combat | 2 3 4 5 6 |  6.5
Throwing       | 1 2 |  2.6
Summonings     | 1 3 |  3.9
Short Blades   | |  0.4
Long Blades    | |  0.9
Evocations     | |  0.4

Action                   |  1- 3 |  4- 6 |  7- 9 | 10-12 | 13-15 | 16-18 || total
-------------------------+-------+-------+-------+-------+-------+-------++-------
Melee: Unarmed           |     4 |       |       |   299 |   637 |   133 ||  1073
       Falchion          |       |    12 |     3 |       |       |       ||    15
       Dagger            |       |       |    26 |    18 |       |       ||    44
       Demon blade       |       |       |       |       |    28 |       ||    28
       Punch             |       |       |       |       |     1 |       ||     1
Throw: Javelin           |       |       |     3 |       |       |       ||     3
 Cast: Shock             |    65 |   119 |   108 |       |     2 |       ||   294
       Static Discharge  |     1 |     3 |     3 |    11 |    23 |       ||    41
       Airstrike         |       |     2 |    79 |   353 |   452 |   293 ||  1179
       Ice Form          |       |       |       |     2 |     8 |     1 ||    11
       Conjure Ball Ligh |       |       |       |       |    70 |    16 ||    86
       Chain Lightning   |       |       |       |       |     1 |       ||     1
       Ozocubu's Refrige |       |       |       |       |       |     4 ||     4
       Summon Ice Beast  |       |       |       |       |       |     4 ||     4
 Abil: End Transformatio |       |       |       |     2 |     5 |     1 ||     8
       Blink             |       |       |       |       |       |     1 ||     1
Evoke: Wand              |       |       |       |       |     1 |     5 ||     6
       Phantom mirror    |       |       |       |       |       |     1 ||     1
  Use: Scroll            |       |     2 |     1 |     4 |    30 |     3 ||    40
       Potion            |       |       |       |     3 |     1 |     8 ||    12
 Stab: Sleeping          |       |       |       |     1 |     3 |       ||     4
  Eat: Chunk             |     2 |     9 |    17 |    39 |    46 |    14 ||   127
       Ration            |       |       |       |     1 |     5 |     4 ||    10
Armor: Robe              |     1 |     6 |     6 |     5 |    15 |       ||    33
       Skin              |       |       |       |   160 |   221 |   104 ||   485
       Steam dragon scal |       |       |       |       |     2 |       ||     2
Dodge: Dodged            |     9 |    14 |    31 |   189 |   448 |   268 ||   959
